[Event "44th Chess Olympiad Open 2022"]
[Site "Chennai"]
[Date "2022.08.05"]
[Round "7.3"]
[White "Van Foreest, Jorden"]
[Black "Fressinet, Laurent"]
[Result "1/2-1/2"]
[ECO "C67"]
[WhiteElo "2678"]
[BlackElo "2631"]
[Annotator "TA"]
[PlyCount "67"]
[EventDate "2022.07.29"]
[EventType "team-tourn"]
[EventCountry "IND"]
[SourceTitle "playchess.com"]
[Source "ChessBase"]
[SourceQuality "1"]
[WhiteTeam "Netherlands"]
[BlackTeam "France"]
[WhiteTeamCountry "NED"]
[BlackTeamCountry "FRA"]
[TimeControl "40/5400+30:1800+30"]

1. e4 e5 2. Nf3 Nc6 3. Bb5 Nf6 4. O-O Nxe4 5. Re1 Nd6 6. a4 {[%emt 0:00:47] C67: Ruy Lopez: Berlin Defence: 4 0-0 Nxe4.} Be7 7. Nc3 {[%emt 0:00:54] Inhibits e4.} a6 8. Bf1 {[%emt 0:00:27] The position is equal.} e4 9. Nxe4 Nxe4 10. Rxe4 d5 11. Re1 d4 12. Bd3 O-O 13. Be4 Be6 14. d3 Bd5 15. Bf4 Bxe4 16. Rxe4 f5 {[%emt 0:05:12] [#]} 17. Re1 $146 ({Predecessor:} 17. Re2 g5 18. Bd2 g4 19. Ne5 Nxe5 20. Rxe5 Bd6 21. Re2 Qf6 22. c3 Rae8 23. g3 dxc3 24. Bxc3 {½-½ (30) Karjakin,S (2748)-So,W (2754) Zagreb 2019}) 17... Bf6 18. Qb1 Qd7 (18... g5 $5 19. Qa2+ Kg7 $11) 19. b4 b5 20. Qb3+ Qf7 {[%emt 0:05:39] [#]} 21. Re6 $1 Nd8 {[%emt 0:05:16] [#]} 22. Rxf6 {[%emt 0:00:18] White is much more active. The black rooks are badly placed.} gxf6 $11 23. Nxd4 Qxb3 24. cxb3 Re8 25. Nxf5 (25. g3 $5 bxa4 26. bxa4 $11) 25... Nc6 26. Bxc7 Nxb4 27. d4 Nc2 28. Rc1 Re1+ 29. Rxe1 Nxe1 {[%emt 0:00:02] Black is slightly better.} 30. d5 Nd3 31. g3 bxa4 32. bxa4 Kf7 33. Kg2 Ke8 {[%emt 0:04:37][%mdl 1024] Black has compensation.} 34. d6 {[%emt 0:08:44] Weighted Error Value: White=0.14 (very precise) /Black=0.06 (flawless)} 1/2-1/2

[Event "44th Chess Olympiad Open 2022"]
[Site "Chennai"]
[Date "2022.08.05"]
[Round "7.3"]
[White "Moussard, Jules"]
[Black "Giri, Anish"]
[Result "1/2-1/2"]
[ECO "B30"]
[WhiteElo "2672"]
[BlackElo "2760"]
[Annotator "TA"]
[PlyCount "71"]
[EventDate "2022.07.29"]
[EventType "team-tourn"]
[EventCountry "IND"]
[SourceTitle "playchess.com"]
[Source "ChessBase"]
[SourceQuality "1"]
[WhiteTeam "France"]
[BlackTeam "Netherlands"]
[WhiteTeamCountry "FRA"]
[BlackTeamCountry "NED"]
[TimeControl "40/5400+30:1800+30"]

1. e4 c5 2. Nf3 Nc6 3. Bb5 e6 4. O-O Nge7 5. c3 a6 6. Ba4 b5 7. Bc2 Bb7 8. Re1 Rc8 9. a4 Ng6 {[%emt 0:01:20] B30: Sicilian: 2...Nc6 3 Bb5, lines without ...g6.} 10. axb5 axb5 11. d4 cxd4 {[%emt 0:00:45] White is slightly better.} 12. Nxd4 Nxd4 13. Qxd4 Qf6 {[%emt 0:08:05] [#] aiming for ...Qxd4.} 14. Be3 Qxd4 15. Bxd4 {[%emt 0:02:05] [#]} Be7 $146 ({Predecessor:} 15... f6 16. b4 Be7 17. Ra5 Bc6 18. Bd3 Bd8 19. Ra7 Ne5 20. Be2 g5 21. f3 Rg8 {1-0 (60) De Heer,M (2340)-Ferreira,J (2330) ICCF email 2014}) 16. Ra7 ({Of course not} 16. Bxg7 Rg8 17. Bd4 Nh4 $15) 16... Bc6 17. Nd2 ({But not} 17. Bxg7 Rg8 18. Bd4 Nh4 $15) 17... O-O 18. Nb3 Ra8 19. Rea1 Rxa7 20. Rxa7 Ra8 21. Rxa8+ Bxa8 22. f3 e5 23. Bc5 Kf8 24. Bd3 Bc6 25. g3 Bxc5+ 26. Nxc5 $11 {[%emt 0:00:05][%mdl 4096] Endgame KBN-KBN} Ke7 27. Kf2 f6 28. Ke3 Kd8 29. b4 Kc7 {[%emt 0:00:41] The position is equal.} 30. f4 Ne7 31. h4 Nc8 32. c4 Nd6 33. Na6+ Kb7 34. Nc5+ Kc7 35. Na6+ Kb7 36. Nc5+ {[%emt 0:00:05] Weighted Error Value: White=0.04 (flawless) /Black=0.03 (flawless)} 1/2-1/2

[Event "44th Chess Olympiad Open 2022"]
[Site "Chennai"]
[Date "2022.08.05"]
[Round "7.3"]
[White "Lagarde, Maxime"]
[Black "L'Ami, Erwin"]
[Result "1-0"]
[ECO "A37"]
[WhiteElo "2631"]
[BlackElo "2634"]
[Annotator "TA"]
[PlyCount "91"]
[EventDate "2022.07.29"]
[EventType "team-tourn"]
[EventCountry "IND"]
[SourceTitle "playchess.com"]
[Source "ChessBase"]
[SourceQuality "1"]
[WhiteTeam "France"]
[BlackTeam "Netherlands"]
[WhiteTeamCountry "FRA"]
[BlackTeamCountry "NED"]
[TimeControl "40/5400+30:1800+30"]

1. c4 c5 2. Nc3 Nc6 3. Nf3 e5 4. g3 g6 5. Bg2 Bg7 6. a3 Nge7 {[%emt 0:00:55] 6...Nge7 is better than 6...a5.} 7. b4 d5 {[%emt 0:01:49] [#] A37: Symmetrical English vs ...g6: 4 Bg2 Bg7 5 Nf3.} 8. b5 $146 ({Predecessor:} 8. cxd5 Nxd5 9. Nxd5 Qxd5 10. Bb2 O-O 11. O-O e4 12. Bxg7 Kxg7 13. Ne1 cxb4 14. axb4 Nxb4 15. Qb1 Qxd2 16. Qxe4 {0-1 (36) Bogosavljevic,B (2522)-Perunovic,M (2543) Paracin 2022}) 8... Na5 {[%emt 0:09:36] And now ...e4 would win.} 9. cxd5 Nxd5 {[%emt 0:06:54] The position is equal.} 10. Nxd5 {[%emt 0:00:48] Threatens to win with e4.} Qxd5 11. Bb2 O-O 12. d3 a6 13. a4 axb5 14. axb5 Bd7 (14... c4 $1 $11) 15. Bc3 (15. O-O $1 $16) 15... e4 $11 16. Bxg7 Kxg7 17. Nd2 Bxb5 18. O-O c4 19. Ra3 (19. Bxe4 $14 Qe5 20. Qb1) 19... Nb3 (19... cxd3 $11 {keeps the balance.} 20. Qa1+ f6 21. Rxa5 (21. Bxe4 Qd6 $17) 21... dxe2 22. Rxa8 Rxa8 23. Qxa8 Qxd2 24. Qxb7+ Bd7) 20. Bxe4 Qe6 21. Rxa8 (21. Nxc4 Bxc4 22. Rxa8 Rxa8 $11) 21... Rxa8 22. dxc4 Nxd2 23. Bd5 ({But not} 23. Qxd2 Bxc4 24. Bxb7 (24. Qb2+ Qf6 $11) 24... Ra4) 23... Qe5 24. Qxd2 Bc6 25. e4 $36 {[%emt 0:01:44][%mdl 2048] Black is under strong pressure.} Ra3 26. Qb4 (26. Rb1 $16) 26... Ra2 (26... Rd3 $1 $14) 27. Qb6 (27. Qb3 $16 Qb2 28. Qf3) 27... Rb2 {[%emt 0:01:08] [#]} (27... Bxd5 $1 $11 28. exd5 Qc3) 28. Qe3 $1 $16 Rc2 29. Rc1 Ra2 30. h4 h5 (30... Bxd5 $16 31. exd5 (31. cxd5 Ra4 $16) 31... Qxe3 32. fxe3 Rb2) 31. Qc3 (31. Qf3 $18 Qe7 32. Rb1) 31... Qxc3 32. Rxc3 {[%emt 0:00:02][%mdl 4096] Endgame KRB-KRB} Rb2 33. Rf3 Be8 34. Ra3 Kf6 (34... Bd7 $16 35. e5 Re2) 35. f4 (35. e5+ $18 Kg7 36. Ra8) 35... Bd7 36. Ra7 Bc8 $2 {[%emt 0:00:15] [#]} (36... Be6 $16 {was worth a try.} 37. Rxb7 Rxb7 38. Bxb7 Bxc4) 37. c5 $1 $18 Kg7 38. Ra8 ({White should try} 38. c6 $18 bxc6 39. Rxf7+ Kh6 40. Bxc6) 38... Be6 $16 39. Rb8 Bxd5 {[%emt 0:00:34][%mdl 8192] Loses the game.} (39... Rc2 $16) 40. exd5 {[%emt 0:00:04][%cal Be4d5,Bd5d6][%mdl 32] KR-KR. White is clearly winning.} Rd2 41. d6 Rd5 42. Kf2 Kf6 43. Re8 Rd1 44. Ke2 Rd4 45. Re3 (45. Ke3 $142 Rd1 46. Rb8) 45... Ra4 46. Kd3 {[%emt 0:01:30] Weighted Error Value: White=0.33/Black=0.36} 1-0

[Event "44th Chess Olympiad Open 2022"]
[Site "Chennai"]
[Date "2022.08.05"]
[Round "7.3"]
[White "Bok, Benjamin"]
[Black "Maurizzi, Marc`Andria"]
[Result "1-0"]
[ECO "D37"]
[WhiteElo "2616"]
[BlackElo "2506"]
[Annotator "TA"]
[PlyCount "113"]
[EventDate "2022.07.29"]
[EventType "team-tourn"]
[EventCountry "IND"]
[SourceTitle "playchess.com"]
[Source "ChessBase"]
[SourceQuality "1"]
[WhiteTeam "Netherlands"]
[BlackTeam "France"]
[WhiteTeamCountry "NED"]
[BlackTeamCountry "FRA"]
[TimeControl "40/5400+30:1800+30"]

1. d4 Nf6 2. c4 e6 3. Nf3 a6 4. Nc3 d5 5. cxd5 exd5 6. Bg5 {[%emt 0:00:12] D37: Queen's Gambit Declined: 5 Bf4.} Be6 7. e3 Nbd7 8. h3 {[%emt 0:00:10] White has an edge.} c6 9. Bd3 Bd6 10. Bf4 Qc7 {[%emt 0:00:40] [#]} 11. Qc1 $1 $146 {[%emt 0:00:06][%mdl 8] An important novelty.} ({Predecessor:} 11. Qd2 O-O 12. O-O Rfe8 13. Rfe1 Nh5 14. Bxd6 Qxd6 15. e4 Qf4 16. exd5 Bxd5 17. Nxd5 cxd5 {½-½ (39) Ding,L (2799)-Vidit,S (2723) chess24.com INT 2022}) 11... h6 12. a4 c5 13. Bxd6 Qxd6 14. a5 O-O 15. O-O Rac8 16. Qd2 Rfe8 17. Rfd1 cxd4 18. exd4 Nh5 19. Na4 Nf4 20. Ne5 Nxd3 21. Nxd3 Rc4 22. Ndc5 {[%emt 0:01:23] Black should prevent b3.} Bf5 {[%emt 0:02:08] Strongly threatening ...Rc2.} 23. Re1 Rxe1+ 24. Rxe1 Qg6 25. Qe3 {[%emt 0:02:50] And now Nxd7 would win.} Nf6 (25... Nxc5 $11 26. Nxc5 Rc2) 26. Nc3 $14 Rb4 27. b3 Be4 (27... Kh7 $14) 28. f3 $16 {[%emt 0:01:43] Active counter play!} Bf5 29. Kh2 (29. g4 $16) 29... Kh7 (29... Qg5 $14) 30. Qe5 (30. g4 $16) 30... Qg5 (30... Nd7 $1 $11 31. Nxd7 (31. Qxd5 Nxc5 32. Qxc5 Rxb3 $11) 31... Bxd7) 31. Re2 ({White should play} 31. g4 $16 Bc8 32. Na2) 31... Be6 {[%emt 0:03:29] [#] Black is on the road to losing.} (31... Nd7 $11 32. Qxd5 Nxc5 33. dxc5 Be6 34. Qxg5 hxg5) 32. Na2 $1 $18 (32. Nxe6 fxe6 33. Qxg5 hxg5 $11) 32... Rb5 33. Qxg5 (33. Nxe6 fxe6 34. Qxg5 hxg5 $14) 33... hxg5 {[%emt 0:00:01] [#]} 34. b4 {[%emt 0:00:12] Threatens to win with Rb2.} ({Weaker is} 34. Nxe6 fxe6 35. b4 (35. Rxe6 Rxb3 36. Re7 b5 $11) 35... b6 $14) 34... b6 35. Nxa6 ({Less strong is} 35. Nxe6 fxe6 36. Rxe6 bxa5 $14) 35... bxa5 36. Nc7 {[%emt 0:00:14] Pair of Knights!} Rb7 37. Nxe6 fxe6 38. bxa5 {[%emt 0:00:07][%mdl 4096] Endgame KRN-KRN} Ra7 (38... Rb3 $142 39. Rxe6 Ra3) 39. Rxe6 {[%emt 0:00:24] Black must now prevent a6.} Rxa5 40. Nc3 Kg6 41. Re5 Kh6 42. Ne4 Nh5 $2 (42... Ra4 {keeps fighting.}) 43. Nxg5 Nf4 44. Ne6 Nd3 45. Re3 Nb4 46. h4 Nc2 47. Re2 Nb4 48. Ng5 {[%emt 0:00:00] Intending Re6+ and mate.} Kg6 (48... Ra6 $142 49. Re5 Ra7 50. Re6+ g6) 49. Re6+ Kf5 50. Re5+ (50. g4+ $142 Kf4 51. Re2) 50... Kf6 51. Re6+ (51. g4 $142 Ra6 52. h5) 51... Kf5 52. g4+ Kf4 53. Re2 {[%emt 0:00:00] Threatening mate with Kg2. White is clearly winning.} Ra2 54. Rxa2 Nxa2 55. Kg2 {[%emt 0:00:00] White threatens Kf2 and mate.} Nc3 56. Ne6+ Ke3 57. h5 {[%emt 0:00:25] Weighted Error Value: White=0.37/Black=0.32} 1-0

[Event "44th Chess Olympiad Open 2022"]
[Site "Chennai"]
[Date "2022.08.05"]
[Round "7.4"]
[White "Bluebaum, Matthias"]
[Black "Ivic, Velimir"]
[Result "1/2-1/2"]
[ECO "D02"]
[WhiteElo "2673"]
[BlackElo "2581"]
[Annotator "TA"]
[PlyCount "67"]
[EventDate "2022.07.29"]
[EventType "team-tourn"]
[EventCountry "IND"]
[SourceTitle "playchess.com"]
[Source "ChessBase"]
[SourceQuality "1"]
[WhiteTeam "Germany"]
[BlackTeam "Serbia"]
[WhiteTeamCountry "GER"]
[BlackTeamCountry "SRB"]
[TimeControl "40/5400+30:1800+30"]

1. Nf3 d5 2. g3 g6 3. Bg2 Bg7 4. d4 Nf6 5. O-O O-O 6. Be3 c6 7. Qc1 {[%emt 0:05:15] D02: 1 d4 d5 2 Nf3 sidelines, including 2...Nf6 3 g3 and 2...Nf6 3 Bf4.} Bf5 8. c4 {[%emt 0:00:41] [#]} Qb6 $146 ({Predecessor:} 8... dxc4 9. Qxc4 Nbd7 10. Nc3 Ne4 11. Qb3 Nb6 12. Rfd1 Rc8 13. Rac1 Be6 14. Qc2 Nxc3 15. bxc3 {½-½ (45) Hausrath,D (2503)-Cheparinov,I (2681) Berlin 2015}) 9. h3 Na6 10. a3 Ne4 11. b4 dxc4 12. Ne5 Nd6 13. Nd2 Qd8 14. Ndxc4 Nxc4 15. Qxc4 Be6 16. Qc2 Bd5 17. f3 Nc7 18. Bf2 a5 19. bxa5 Rxa5 20. e4 {[%emt 0:00:24] White is more active.} Be6 21. a4 $1 {[%emt 0:00:03] Prevents Nb5.} c5 ({Much less strong is} 21... Bxe5 22. dxe5 Ra6 23. Rfb1 $16) 22. Qc3 Qa8 23. f4 {[%emt 0:00:49] Black must now prevent d5.} Rc8 24. dxc5 (24. d5 $14 Bd7 25. Rfb1) 24... Rxa4 (24... Bd7 $5) 25. Rxa4 Qxa4 26. Rb1 f6 27. Nd3 (27. Ra1 $5 Qe8 28. Nc4 $14) 27... f5 28. Qb4 Qd7 29. exf5 (29. c6 {is more complex.} Qxc6 30. exf5 Bd5 31. Rc1) 29... gxf5 30. Ne1 (30. Rd1 $14 {deserves consideration.}) 30... Na6 $11 {[%emt 0:01:49] The position is equal.} 31. Qxb7 Nxc5 32. Qxd7 Nxd7 33. Nf3 Bd5 34. Rd1 {[%emt 0:01:13] Weighted Error Value: White=0.09 (flawless) /Black=0.10 (very precise)} 1/2-1/2

[Event "44th Chess Olympiad Open 2022"]
[Site "Chennai"]
[Date "2022.08.05"]
[Round "7.4"]
[White "Kollars, Dmitrij"]
[Black "Ivanisevic, Ivan"]
[Result "1-0"]
[ECO "C88"]
[WhiteElo "2648"]
[BlackElo "2561"]
[Annotator "TA"]
[PlyCount "125"]
[EventDate "2022.07.29"]
[EventType "team-tourn"]
[EventCountry "IND"]
[SourceTitle "playchess.com"]
[Source "ChessBase"]
[SourceQuality "1"]
[WhiteTeam "Germany"]
[BlackTeam "Serbia"]
[WhiteTeamCountry "GER"]
[BlackTeamCountry "SRB"]
[TimeControl "40/5400+30:1800+30"]

1. e4 e5 2. Nf3 Nc6 3. Bb5 a6 4. Ba4 Nf6 5. O-O Be7 6. Re1 b5 7. Bb3 O-O 8. a4 Na5 {[%emt 0:01:11] C88: Closed Ruy Lopez: Anti-Marshall Systems.} 9. axb5 Nxb3 10. cxb3 Bb7 {[%emt 0:00:09][%cal Bc8b7,Bb7e4,Be4d3][%mdl 32] White is slightly better.} 11. bxa6 Bxe4 12. Nc3 Bd3 13. Nxe5 Bxa6 {[%emt 0:00:09] A strong pair of Bishops.} (13... Rxa6 14. Ra4 Rxa4 15. bxa4 $16) 14. d4 {[%emt 0:02:43] [#]} Re8 $146 ({Predecessor:} 14... Bb7 15. Rxa8 Bxa8 16. Bg5 d6 17. Ng4 Nd5 18. Bxe7 Nxe7 19. f3 Ng6 20. b4 Qb8 {½-½ (35) Palac,M (2571)-Halkias,S (2555) Warsaw 2013}) 15. Bg5 h6 16. Bh4 Bb7 17. Rxa8 Bxa8 18. h3 (18. b4 $5 ) 18... g5 19. Bg3 Bf8 20. Re3 d6 21. Nc4 Nd5 22. Nxd5 Bxd5 23. Qd3 Bg7 24. f3 Rf8 25. Re2 f5 26. Ne3 Be6 {[%emt 0:00:53] And now ...f4 would win.} 27. d5 $36 {[%emt 0:01:49][%mdl 2048] White has good play.} Bd7 28. Be1 f4 29. Ng4 Bf5 {[%emt 0:11:03] Inhibits Qg6.} 30. Qc4 h5 31. Nf2 Qd7 32. Bc3 Bxc3 33. bxc3 Qg7 34. Re1 ({Better is} 34. b4 $1 $16) 34... Kh7 35. b4 Rf7 36. Re8 (36. Kh2 $14) 36... Re7 $11 37. Rxe7 Qxe7 {[%emt 0:00:05][%mdl 4096] Endgame KQB-KQN} 38. Kf1 Kg6 39. Qd4 Qe8 $2 (39... Qf6 $1 $14) 40. h4 $18 gxh4 41. Qxf4 Qb5+ 42. Kg1 {[%emt 0:00:00] Black must now prevent Ne4.} Qxd5 43. Qxh4 {[%emt 0:00:00] Strongly threatening Ne4.} Qe5 {[%emt 0:09:17] [#]} 44. Ne4 ({Weaker is} 44. g4 hxg4 45. Nxg4 (45. fxg4 Be6 $11) 45... Qxc3 $11) 44... Bd7 45. Kf2 Bc6 46. Ke3 Bd5 (46... d5 {was necessary.} 47. Qg3+ Qxg3 48. Nxg3 h4) 47. Qf4 Qe7 48. g4 hxg4 49. Qxg4+ Kh6 50. Qf5 Bf7 51. Kf4 {[%emt 0:00:00] Threatens to win with Qg5+.} Qh4+ {[%emt 0:00:21] [#]} 52. Qg4 $1 Qh2+ {[%emt 0:00:07] This costs Black the game.} (52... Qxg4+ $16 {is more resistant.} 53. fxg4 Kg7) 53. Ke3 Qe5 (53... Qh1 $142 54. Qf4+ Kg7) 54. f4 Qe7 55. Qg5+ (55. b5 $142 Kh7 56. Kd4 (56. Qh3+ Kg8 $16)) 55... Qxg5 56. Nxg5 {[%emt 0:00:04] KB-KN} Bg8 57. Nf3 Be6 58. Nd4 Bd7 59. Ke4 {[%emt 0:00:27] White threatens Kd5 and mate.} Kh5 60. Kd5 {[%emt 0:00:41] White mates.} Ba4 61. b5 Kg4 62. f5 Kg5 63. Ke4 {[%emt 0:00:49] Weighted Error Value: White=0.16 (very precise) /Black=0.40} (63. Ne6+ $142 Kf6 64. Nxc7 Ke7 65. Kc6 Kf7 66. Kxd6 Bc2 67. b6 Kf6 68. b7 Kxf5 69. Nd5) 1-0

[Event "44th Chess Olympiad Open 2022"]
[Site "Chennai"]
[Date "2022.08.05"]
[Round "7.4"]
[White "Indjic, Aleksandar"]
[Black "Keymer, Vincent"]
[Result "1/2-1/2"]
[ECO "A28"]
[WhiteElo "2620"]
[BlackElo "2686"]
[Annotator "TA"]
[PlyCount "158"]
[EventDate "2022.07.29"]
[EventType "team-tourn"]
[EventCountry "IND"]
[SourceTitle "playchess.com"]
[Source "ChessBase"]
[SourceQuality "1"]
[WhiteTeam "Serbia"]
[BlackTeam "Germany"]
[WhiteTeamCountry "SRB"]
[BlackTeamCountry "GER"]
[TimeControl "40/5400+30:1800+30"]

1. c4 Nf6 2. Nc3 e5 3. Nf3 Nc6 4. d3 Bb4 5. Bd2 O-O 6. a3 Bxc3 7. Bxc3 e4 8. dxe4 Nxe4 9. Rc1 d6 10. g3 Re8 11. Bg2 Qe7 12. b4 Bg4 13. Ba1 Ng5 14. Ng1 Ne6 15. h3 Bh5 16. Nf3 a5 17. b5 Ne5 18. Nxe5 dxe5 19. Bxb7 (19. Bxe5 $2 Rad8 20. Qc2 Nc5 $19) 19... Rad8 20. Bd5 Nd4 21. g4 Bg6 22. e3 Ne6 $1 23. f3 (23. a4 $5 ) 23... Qxa3 24. Kf2 (24. Qd2 $11) 24... h5 (24... e4 $1 $15 {stays ahead.} 25. Rc3 Qc5) 25. gxh5 Bxh5 26. Rg1 Qe7 27. Bxe5 (27. Rg3 $1 $14) 27... Ng5 $11 28. Rxg5 Qxg5 29. Bf4 Qh4+ 30. Bg3 Qe7 31. Qd4 Qa3 32. Re1 (32. Ra1 Qb3 33. Rd1 (33. Bxc7 $2 Rxd5 34. cxd5 Qc2+ 35. Kg3 Qxc7+ 36. d6 Qb7 $19) 33... Rd7 $11) 32... Rd7 $1 33. Be5 Re6 $2 ({Better is} 33... Qb3 $14) 34. Bxc7 $2 ({White must play} 34. c5 $1 $18 ) 34... Rg6 $11 (34... Rxc7 $2 35. Bxe6 fxe6 36. Qd8+ Qf8 37. Qxc7 $18) 35. Bg3 Rf6 $1 36. Bf4 Rg6 $1 37. Qa1 Qd3 38. Qd1 Qf5 39. Rg1 Rxg1 $1 (39... Qxh3 $2 40. Rxg6 Bxg6 41. b6 $18) 40. Kxg1 Qxh3 41. Kf2 Qh4+ $1 42. Kg2 $1 g5 43. Be5 g4 (43... Qxc4 $5 44. Bxc4 Rxd1 $17) 44. fxg4 Bxg4 45. Qd4 $1 (45. Qh1 $2 Bf3+ $1 46. Kxf3 Qxh1+ $19) 45... Qh3+ 46. Kf2 Bf3 47. Bxf3 Rxd4 48. Bxd4 Qh2+ 49. Kf1 Qc2 50. Bd5 Qd1+ 51. Kf2 Qc2+ 52. Kg3 Qg6+ 53. Kf4 Qh6+ 54. Kf3 Qh5+ 55. Kf2 Qf5+ 56. Kg3 Qg6+ 57. Kf4 Qh6+ 58. Kf3 Qh5+ 59. Kf2 Qf5+ 60. Bf3 Qc2+ 61. Be2 Qf5+ 62. Bf3 Qc2+ 63. Kg3 $2 (63. Be2 $11 {and White is okay.}) 63... Qxc4 $19 64. b6 {[%emt 0:00:38] [#]} a4 $1 65. b7 Qc7+ 66. Kg4 a3 67. Kf5 a2 68. Bc6 Qd6 69. Bb2 $2 (69. Be5 Qg6+ 70. Kf4 Qh6+ 71. Kf5 Qh3+ 72. Kf4 (72. Ke4 Qg4+ 73. Kd5 Qe6+ 74. Ke4 Qxc6+ 75. Kd3 Qb5+ 76. Ke4 Qxb7+ 77. Kf4 Qd5 78. Ba1 f5 79. Kg3 Qd6+ 80. Kg2 Qd2+ 81. Kf3 Qd1+ 82. Kf4 Qxa1 83. Kxf5 Qf1+ 84. Ke4 a1=Q 85. Kd5 Qf5+ 86. Kc4 Qb2 87. e4 Qfb5#) 72... Qh4+ 73. Kf5 Qh7+ 74. Kg5) 69... Qc5+ $2 (69... Qe6+ 70. Kf4 Qh6+ 71. Kg4 f5+ 72. Kxf5 Qh3+ 73. Kf4 Qh2+ 74. Kf3 Qxb2 75. Bd5+ Kg7 76. b8=Q Qxb8 77. Bxa2 Qa8+ 78. Kf4 Qxa2 79. Ke4 Kf6 80. Kd4 Qd2+ 81. Ke4 Qd6 82. Kf3 Ke5 83. Kg4 Ke4 84. Kg5 Kxe3 85. Kf5 Kf3 86. Kg5 Qe6 87. Kh5 Kf4 88. Kh4 Qh6#) 70. Be5 $19 Qxe5+ $2 (70... a1=Q {leads to mate.} 71. b8=Q+ Qf8 72. Qxf8+ (72. Bxa1 $2 {loses.} Qxb8 73. Be4 Qb5+ 74. Be5 Kf8 $19) 72... Kxf8 73. Bxa1 Ke7 74. Be5 f6 75. Bc7) (70... Qb6 $19 {White must now prevent ...Kf8.} 71. e4 Kf8) 71. Kxe5 $11 a1=Q+ 72. Kd6 Qa7 73. Kc7 Kf8 74. Kc8 Qc5 (74... Qa6 75. Kc7 Qa7 76. Kc8) 75. b8=Q Qxc6+ 76. Kd8 Qd5+ 77. Kc7+ Ke7 78. Qb4+ Ke6 79. Qg4+ f5 1/2-1/2

[Event "44th Chess Olympiad Open 2022"]
[Site "Chennai"]
[Date "2022.08.05"]
[Round "7.4"]
[White "Markus, Robert"]
[Black "Nisipeanu, Liviu-Dieter"]
[Result "1/2-1/2"]
[ECO "E07"]
[WhiteElo "2616"]
[BlackElo "2642"]
[Annotator "TA"]
[PlyCount "75"]
[EventDate "2022.07.29"]
[EventType "team-tourn"]
[EventCountry "IND"]
[SourceTitle "playchess.com"]
[Source "ChessBase"]
[SourceQuality "1"]
[WhiteTeam "Serbia"]
[BlackTeam "Germany"]
[WhiteTeamCountry "SRB"]
[BlackTeamCountry "GER"]
[TimeControl "40/5400+30:1800+30"]

1. d4 Nf6 2. c4 e6 3. Nf3 d5 4. g3 Be7 5. Bg2 O-O 6. O-O c6 7. b3 b6 8. Bb2 Nbd7 9. Nc3 a5 {[%emt 0:24:48] 9...Ba6 is a critical line. E07: Closed Catalan: Main Line (5 Nf3 0-0 6 0-0 Nbd7).} 10. Nd2 b5 11. cxb5 cxb5 {[%emt 0:00:00] White is slightly better.} 12. Nxb5 Qb6 {[%emt 0:09:33] [#]} 13. a4 $146 ({Predecessor:} 13. Nc3 a4 14. Rc1 a3 15. Ba1 Ba6 16. Re1 Bb4 17. Na4 Qa7 18. e3 Bb5 19. Bc3 {½-½ (27) Klemm,R (2029)-Stepan,J (2027) ICCF email 2020}) 13... Ba6 14. Nb1 Bxb5 15. axb5 Qxb5 16. Nc3 Qb7 17. Qd3 Bb4 18. e3 Rfc8 19. Rfc1 Bxc3 20. Rxc3 Rxc3 21. Qxc3 h5 22. Bf3 g5 23. Bd1 Ne4 24. Qe1 a4 25. Bxh5 axb3 {[%emt 0:04:30] [#] Strongly threatening ...Nb6.} 26. Rxa8+ {[%emt 0:01:38] The position is equal.} Qxa8 27. Qb4 {[%emt 0:00:05] Prevents Nb6.} Qa2 (27... Ndf6 $5 28. Bd1 Qa6 $11) 28. Qe7 $1 Qxb2 29. Qxf7+ Kh8 30. Qe8+ Kg7 31. Qg6+ Kh8 32. Qh6+ Kg8 33. Qxe6+ Kh8 34. Qe8+ Kg7 35. Qf7+ Kh8 36. Qe8+ Kg7 37. Qf7+ Kh8 {[%emt 0:00:00] [#] ...Ndf6 is the strong threat.} 38. Qe8+ {[%emt 0:00:09] A balanced but interesting game.  Weighted Error Value: White=0.04 (flawless) /Black=0.04 (flawless)} 1/2-1/2